 Dungeon Crawl Stone Soup version 0.27-a0-1200-g94dc6ad4cf (webtiles) character file.

Game seed: 14457525876350988749

326 roflturtle the Gusty (level 6, 0/47 HPs)
             Began as a Demigod Air Elementalist on June 1, 2021.
             Slain by an elf skeleton (4 damage)
             ... on level 4 of the Dungeon.
             The game lasted 00:11:15 (3563 turns).

roflturtle the Gusty (Demigod Air Elementalist)     Turns: 3563, Time: 00:11:15

Health: 0/47       AC:  2    Str:  9    XL:     6   Next: 3%
Magic:  0/13       EV: 16    Int: 25    God:
Gold:   97         SH:  0    Dex: 14    Spells: 5/11 levels left

rFire    . . .     SeeInvis .   g - staff of conjuration
rCold    . . .     Faith    .   (no shield)
rNeg     . . .     Spirit   .   a - +0 robe
rPois    .         Reflect  .   (no helmet)
rElec    .         Harm     .   (no cloak)
rCorr    .         Rampage  .   (no gloves)
Will     +....                  (no boots)
Stlth    ++........             (no amulet)
HPRegen  0.15/turn              c - +4 ring of evasion
MPRegen  0.13/turn              o - ring of willpower

@: no status effects
A: high mp 1, forlorn
a: no special abilities


You were on level 4 of the Dungeon.
You visited 1 branch of the dungeon, and saw 4 of its levels.

You collected 97 gold pieces.

Inventory:

Armour
 a - a +0 robe (worn)
 t - a +1 ring mail of willpower
Magical Staves
 d - a staff of poison
 g - a staff of conjuration (weapon)
 j - a staff of earth
Jewellery
 c - a +4 ring of evasion (left hand)
 o - a ring of willpower (right hand)
Scrolls
 b - 2 scrolls of amnesia {unknown}
 e - 2 scrolls of enchant weapon {unknown}
 h - 2 scrolls of holy word {unknown}
 i - a scroll of brand weapon {unknown}
 k - 2 scrolls of identify {unknown}
 p - a scroll of enchant armour {unknown}
 q - a scroll of magic mapping {unknown}
 s - a scroll of immolation {unknown}
Potions
 f - 2 potions of heal wounds {unknown}
 l - a potion of might {unknown}
 m - a potion of brilliance {unknown}
 n - a potion of flight {unknown}
 r - a potion of berserk rage {unknown}


   Skills:
 - Level 1.0 Fighting
 - Level 2.1 Dodging
 - Level 2.0 Stealth
 + Level 3.2 Spellcasting
 - Level 3.0 Conjurations
 - Level 4.2 Air Magic


You had 5 spell levels left.
You knew the following spells:

 Your Spells              Type           Power      Damage    Failure   Level
a - Shock                 Conj/Air       100%       1d9       2%          1
b - Static Discharge      Conj/Air       33%        N/A       3%          2
c - Swiftness             Air            25%        N/A       5%          3

Your spell library contained the following spells:

 Spells                   Type           Power      Damage    Failure   Level
 Beastly Appendage        Tmut           8%         N/A       10%         1
 Wereblood                Tmut           4%         N/A       16%         2
 Airstrike                Air            12%        N/A       17%         4
 Spider Form              Tmut/Pois      2%         N/A       30%         3
 Lightning Bolt           Conj/Air       16%        1d30      52%         5
 Ice Form                 Ice/Tmut       4%         N/A       69%         4
 Hydra Form               Tmut           2%         N/A       95%         5


Dungeon Overview and Level Annotations

Branches:
Dungeon (4/15)
 Temple: D:4-7

Portals:
Ossuary: D:4

Annotations:
D:3 1 runed translucent door, rjrrt's ghost, amateur TrHu


Innate Abilities, Weirdness & Mutations

Your attributes grow dramatically as you level up.
You have an increased reservoir of magic. (+10% MP)
You shall have no god before yourself.


Message History

The elf skeleton is moderately damaged.
The elf skeleton misses you.
Aiming: Shock (safe; 2% risk of failure)
Press: ? - help, Q - select action, (/) - cycle Shift-Dir - straight line You feel a surge of power!
The zap hits the elf skeleton.
The elf skeleton is moderately damaged.
The zap hits the elf skeleton!
The elf skeleton is heavily damaged.
You hit the elf skeleton.
The elf skeleton is heavily damaged.
The elf skeleton barely misses you.
Unknown command.
You closely miss the elf skeleton.
The elf skeleton is heavily damaged.
The elf skeleton hits you but does no damage.
You hit the elf skeleton.
The elf skeleton is severely damaged.
The elf skeleton hits you.
* * * LOW HITPOINT WARNING * * *
You hit the elf skeleton.
The elf skeleton is severely damaged.
The elf skeleton hits you.
* * * LOW HITPOINT WARNING * * *
Aiming: Shock (safe; 2% risk of failure)
Press: ? - help, Q - select action, (/) - cycle Shift-Dir - straight line You feel a surge of power!
The zap hits the elf skeleton.
The elf skeleton is severely damaged.
The zap hits the elf skeleton.
The elf skeleton is almost destroyed.
The elf skeleton hits you.
* * * LOW HITPOINT WARNING * * *
You hit the elf skeleton.
The elf skeleton is almost destroyed.
The elf skeleton completely misses you.
Unknown command.
You hit the elf skeleton.
The elf skeleton is almost destroyed.
You hear the brisk hiss of an avalanche of sand.
The elf skeleton hits you.
You die...

##### #.#.+ #+#'#'###
#∩'Z@.'.##.... §....
###...####...# #..§#
#.'...'.##...# #....§
#.#'#'####...##§§...§
#.#.#.'.#....#§.§...§
#'#######...........§
#.###............._..
#............§§§§§...
#####.[......#§§§§..§


You could see an elf skeleton.

Vanquished Creatures
  An elf zombie (D:4)
  A human zombie (D:4)
  Jessica (D:2)
  2 iguanas
  A human skeleton (D:4)
  4 gnolls (D:2)
  2 adders (D:3)
  3 dart slugs
  An orc (D:3)
  5 endoplasms
  3 goblins (D:2)
  7 hobgoblins
  7 jackals (D:1)
  3 quokkas
  7 ball pythons
  3 bats
  3 frilled lizards
  5 kobolds
  4 orc skeletons (D:4)
  An orc zombie (D:4)
  4 rats
68 creatures vanquished.

Notes
Turn   | Place    | Note
-------+----------+-------------------------------------------
     0 | D:1      | roflturtle the Demigod Air Elementalist began the quest for
                  | the Orb.
     0 | D:1      | Reached XP level 1. HP: 14/14 MP: 5/5
    12 | D:1      | Reached skill level 1 in Conjurations
   249 | D:1      | Reached skill level 3 in Air Magic
   323 | D:1      | Reached XP level 2. HP: 20/20 MP: 5/7
   654 | D:1      | Learned a level 2 spell: Static Discharge
   986 | D:2      | Noticed Jessica
   997 | D:2      | Killed Jessica
   998 | D:2      | Reached XP level 3. HP: 24/26 MP: 0/8
  1173 | D:2      | Reached XP level 4. HP: 33/33 MP: 1/9
  1534 | D:2      | Reached skill level 1 in Fighting
  1538 | D:2      | Learned a level 3 spell: Swiftness
  2617 | D:3      | Noticed rjrrt's ghost (amateur TrHu)
  2620 | D:3      | Found a runed translucent door.
  2685 | D:3      | Reached XP level 5. HP: 40/40 MP: 6/10
  3167 | D:4      | Reached skill level 4 in Air Magic
  3547 | D:4      | Reached XP level 6. HP: 16/47 MP: 1/13
  3552 | D:4      | Found a sand-covered staircase.
  3563 | D:4      | Slain by an elf skeleton

Illustrated notes

Levels and vault maps discovered:
D:1:      beargit_arrival_greenhouse, layout_basic,
          hellmonk_ecumenical_altar_run_dry
D:2:      layout_loops_ring, uniq_crazy_yiuf_cottage, uniq_jessica
D:3:      layout_basic, hellmonk_ghost_happy_afterlife
D:4:      layout_gridville, ashenzari_conservatory_becter,
          nicolae_dithmenos_the_darkroom, nicolae_ossuary_entry_catacombs

Skill      XL: |  1  2  3  4  5 |
---------------+----------------+-----
Conjurations   | 1 2 3 |  3.0
Spellcasting   | 2 3 |  3.2
Air Magic      | 3 4 |  4.2
Dodging        | 2 |  2.1
Stealth        | 2 |  2.0
Fighting       | 1 |  1.0

Action                   |  1- 3 |  4- 6 || total
-------------------------+-------+-------++-------
Melee: Unarmed           |     4 |       ||     4
       Staff             |    15 |    30 ||    45
 Cast: Shock             |    45 |    86 ||   131
       Static Discharge  |       |     4 ||     4
 Stab: Sleeping          |       |     1 ||     1
Armor: Robe              |     5 |     3 ||     8
Dodge: Dodged            |    36 |    24 ||    60

Table legend: (Time is in decaauts)
 A = Elapsed time spent in this place.
 B = Non-inter-level travel time spent in this place.
 C = Inter-level travel time spent in this place.
 D = Time resting spent in this place.
 E = Time spent auto-exploring this place.
 F = Levels seen in this place.
 G = Mean time per level.
                   A        B        C        D        E       F      G
               +--------+--------+--------+--------+--------+-----+--------+
         Total |   3570 |   3479 |     91 |    547 |   2556 |   4 |  892.5 |
       Dungeon |   3570 |   3479 |     91 |    547 |   2556 |   4 |  892.5 |
               +--------+--------+--------+--------+--------+-----+--------+

Top non-repeatable levels by time:
     D:1: 1106 daAuts
     D:3: 1035 daAuts
     D:2: 1022 daAuts
     D:4: 406 daAuts
